 Dungeon Crawl Stone Soup version 0.24.1-8-ga250c9d538 (webtiles) character file.

Game seed: 15759936399585424000, levelgen mode: deterministic

20085 Peloso the Carver (level 12, -10/92 HPs)
             Began as a Demonspawn Fighter on May 8, 2020.
             Was a High Priest of Okawaru.
             Mangled by Snorg (24 damage)
             ... on level 11 of the Dungeon.
             The game lasted 00:32:26 (13212 turns).

Peloso the Carver (Demonspawn Fighter)             Turns: 13212, Time: 00:32:26

Health: -10/92     AC: 11    Str: 27    XL:     12   Next: 42%
Magic:  12/12      EV: 17    Int: 10    God:    Okawaru [*****.]
Gold:   585        SH: 13    Dex: 18    Spells: 11/11 levels left

rFire    + + .     SeeInvis .   a - +6 falchion of Gravity {elec, rF+}
rCold    + . .     Gourm    .   c - +0 shield
rNeg     . . .     Faith    +   K - +3 ring mail "Soidweusu" {rF+ rC+ Str+7 Stlth+}
rPois    .         Spirit   .   (no helmet)
rElec    .         Reflect  .   (no cloak)
rCorr    .         Harm     .   q - +0 pair of gloves
MR       .....                  (no boots)
Stlth    +++.......             g - amulet of faith
HPRegen  0.25/turn              G - +5 ring of slaying
MPRegen  0.13/turn              I - +4 ring of dexterity

@: slowed, very slow
A: hooves 1, repulsion field 2, spiny 2
a: Heroism, Finesse, Renounce Religion


You were on level 11 of the Dungeon.
You worshipped Okawaru.
Okawaru was extremely pleased with you.
You were not hungry.

You visited 3 branches of the dungeon, and saw 15 of its levels.

You collected 585 gold pieces.

Inventory:

Hand Weapons
 a - the +6 falchion of Gravity (weapon) {elec, rF+}
   (You found it on level 7 of the Dungeon)

   Occasionally, upon striking a foe, it will discharge some electrical energy
   and cause terrible harm.
   It protects you from fire.
 b - a +2 scimitar of flaming
Armour
 c - a +0 shield (worn)
 n - a +0 scale mail
 q - a +0 pair of gloves (worn)
 w - a +0 plate armour
 K - the +3 ring mail "Soidweusu" (worn) {rF+ rC+ Str+7 Stlth+}
   (Okawaru gifted it to you on level 9 of the Dungeon)

   It affects your strength (+7).
   It protects you from fire.
   It protects you from cold.
   It makes you more stealthy.
Jewellery
 g - an amulet of faith (around neck)
 o - an uncursed amulet of guardian spirit {unknown}
 u - an uncursed ring of poison resistance
 G - a +5 ring of slaying (left hand)
 I - a +4 ring of dexterity (right hand)
Wands
 t - a wand of acid (9)
Scrolls
 e - 6 scrolls of teleportation
 h - 3 scrolls of fog
 i - a scroll of identify
 j - 9 scrolls of remove curse
 k - 3 scrolls of magic mapping
 l - 4 scrolls of blinking {unknown}
 m - a scroll of noise
 r - a scroll of immolation {unknown}
 N - 2 scrolls of vulnerability {unknown}
 P - 2 scrolls of brand weapon {unknown}
Potions
 d - 2 potions of might
 p - a potion of agility {unknown}
 s - a potion of resistance {unknown}
 v - 2 potions of degeneration {unknown}
 x - 2 potions of lignification {unknown}
 z - 2 potions of heal wounds
 A - a potion of berserk rage {unknown}
 B - 2 potions of flight {unknown}
 D - 5 potions of curing
Comestibles
 f - 40 rations


   Skills:
 + Level 7.7 Fighting
 + Level 11.1 Long Blades
 + Level 8.9 Armour
 + Level 5.1 Dodging
 + Level 4.1 Stealth
 + Level 9.9 Shields
 + Level 1.0 Invocations


You had 11 spell levels left.
You didn't know any spells.
Your spell library contained the following spells:

 Spells                   Type           Power        Failure   Level  Hunger
 Confusing Touch          Hex            #.....       71%         1    ##.....
 Magic Dart               Conj           #...         71%         1    ##.....
 Blink                    Tloc           N/A          83%         2    ###....
 Call Imp                 Summ           #.......     83%         2    ###....
 Slow                     Hex            #.......     83%         2    ###....
 Confuse                  Hex            #.......     97%         3    ####...
 Conjure Flame            Conj/Fire      #.......     97%         3    ####...
 Gell's Gravitas          Tloc           #.........   97%         3    ####...
 Mephitic Cloud           Conj/Pois/Air  #.......     97%         3    ####...
 Petrify                  Tmut/Erth      #.......     100%        4    #####..
 Metabolic Englaciation   Hex/Ice        #.........   100%        5    ######.
 Yara's Violent Unravell  Hex/Tmut       #.........   100%        5    ######.


Dungeon Overview and Level Annotations

Branches:
Dungeon (11/15)            Temple (1/1) D:6            Lair (3/6) D:9
 Shoals (0/4) Lair:3        Snake (0/4) Lair:3          Orc (0/2) D:9

Altars:
Cheibriados
Elyvilon
Fedhas
Gozag
Hepliaklqana
Nemelex Xobeh
Okawaru
Ru
Uskayaw
Vehumet
Xom
Yredelemnul
The Shining One

Shops:
D:6 =   D:7 }   D:11 :

Annotations:
D:3 3 runed translucent doors, lllmatko's ghost, amateur DEWz
D:11 Snorg; Sonja


Innate Abilities, Weirdness & Mutations

You have large cloven feet.
You are surrounded by a moderate repulsion field. (EV +3)
You are mostly covered in sharp spines.


Message History

Snorg claws you!
Things that are here:
a curare-tipped dart; an arrow You feel sick.
A bullfrog comes into view.
The centaur unwields a +0 shortbow.
The centaur barely misses you.
You riposte.
You slash the centaur! You kick the centaur.
The centaur is severely wounded.
You block Snorg's attack. Snorg claws you!! Snorg closely misses you.
Sonja casts a spell.
Sonja blinks!
The red ugly thing claws you but does no damage.
Snorg is struck by your spines. Snorg bites you!
* * * LOW HITPOINT WARNING * * *
Snorg claws you!
* * * LOW HITPOINT WARNING * * *
Snorg misses you. The centaur closely misses you.
Okay, then.
You feel better. Snorg is struck by your spines. Snorg bites you!!
You die...

........#####..............#
.......#######..###.....
........#####...###.....
.........###....#......
....).....#............
...................#
...................#
#......(........(.(#
##.......(.K$.ac@..#
###......(.(..(Tu..#
####......F.............
###......(....>.........
##....###...§...........
#..... #............###
...... #...........## ....
.§..........## >..........##


You could see Snorg (berserk), a red ugly thing, Sonja, a bullfrog, a centaur
and a worker ant.

Vanquished Creatures
  Erica (D:8)
  2 two-headed ogres
  2 unseen horrors
  2 merfolk sirens (Lair:3)
  Maurice (D:11)
  Joseph (D:9)
  4 spiny frogs
  2 komodo dragons
  A queen bee (Lair:1)
  2 merfolk (Lair:3)
  2 hippogriffs
  2 wyverns
  25 yaks
  A human (D:9)
  4 hogs (D:9)
  A warg (D:9)
  7 water moccasins
  4 ice beasts
  6 orc warriors
  8 porcupines
  Duvessa (D:6)
  A sky beast (D:5)
  A necrophage (D:10)
  A phantom (D:6)
  2 ogres
  3 wolves (Lair:2)
  2 centaurs
  6 crocodiles
  4 big kobolds
  2 gnoll sergeants
  12 bullfrogs
  Dowan (D:6)
  4 scorpions
  33 killer bees
  7 wights (D:10)
  2 howler monkeys
  4 crimson imps
  A centaur zombie (D:10)
  2 bullfrog zombies
  3 orc priests
  7 hounds
  7 orc wizards
  2 centaur skeletons
  2 jellies
  3 iguanas
  9 worker ants
  3 hound skeletons
  A worker ant zombie (D:10)
  Robin (D:2)
  7 adders
  7 gnolls
  3 shadow imps
  An ooze (D:2)
  An adder zombie (D:9)
  5 adder skeletons
  A worm (D:2)
  A dart slug (D:3)
  7 leopard geckos
  48 orcs
  11 bats
  4 giant cockroaches
  14 hobgoblins
  15 jackals
  29 kobolds
  6 quokkas
  A ball python (D:1)
  2 frilled lizards
  A giant cockroach zombie (D:6)
  17 goblins
  A jackal skeleton (D:5)
  A leopard gecko zombie (D:7)
  A quokka skeleton (D:5)
  2 quokka zombies (D:5)
  9 rats
  A butterfly (Lair:2)
401 creatures vanquished.

Vanquished Creatures (others)
  A worker ant (D:8)
  A fungus (Lair:3)
2 creatures vanquished.

Grand Total: 403 creatures vanquished

Notes
Turn   | Place    | Note
-------+----------+-------------------------------------------
     0 | D:1      | Peloso the Demonspawn Fighter began the quest for the Orb.
     0 | D:1      | Reached XP level 1. HP: 18/18 MP: 1/1
    70 | D:1      | Gained mutation: You are surrounded by a mild repulsion
                  | field. (EV +2) [demonic ancestry]
    70 | D:1      | Reached XP level 2. HP: 21/24 MP: 2/2
   151 | D:1      | Reached skill level 2 in Long Blades
   299 | D:1      | Reached XP level 3. HP: 29/29 MP: 3/3
  1173 | D:2      | Gained mutation: You are partially covered in sharp spines.
                  | [demonic ancestry]
  1173 | D:2      | Reached XP level 4. HP: 32/35 MP: 4/4
  1302 | D:2      | Noticed Robin
  1332 | D:2      | Killed Robin
  1466 | D:2      | Found a basalt altar of Yredelemnul.
  1500 | D:2      | Reached skill level 1 in Dodging
  1527 | D:2      | Reached skill level 3 in Long Blades
  1997 | D:3      | Found a runed translucent gate.
  1997 | D:3      | Found a runed translucent gate.
  1997 | D:3      | Found a runed translucent gate.
  2047 | D:3      | Gained mutation: You have large cloven feet. [demonic
                  | ancestry]
  2047 | D:3      | Reached XP level 5. HP: 40/41 MP: 5/5
  2401 | D:3      | Noticed lllmatko's ghost (amateur DEWz)
  2666 | D:4      | Found a blossoming altar of Fedhas.
  2761 | D:4      | Noticed an ogre
  2769 | D:4      | Killed an ogre
  2813 | D:4      | Reached XP level 6. HP: 41/48 MP: 6/6
  2899 | D:4      | Reached skill level 4 in Long Blades
  3290 | D:4      | Gained mutation: You are surrounded by a moderate repulsion
                  | field. (EV +3) [demonic ancestry]
  3290 | D:4      | Reached XP level 7. HP: 53/53 MP: 7/7
  3343 | D:4      | Found a sacrificial altar of Ru.
  3384 | D:5      | Entered Level 5 of the Dungeon
  3530 | D:5      | Got a shimmering hunting sling
  3545 | D:5      | Reached skill level 5 in Long Blades
  4215 | D:6      | Found a staircase to the Ecumenical Temple.
  4270 | D:6      | Gained mutation: You are mostly covered in sharp spines.
                  | [demonic ancestry]
  4270 | D:6      | Reached XP level 8. HP: 18/60 MP: 8/8
  4273 | D:6      | Reached skill level 5 in Shields
  4282 | Temple   | Entered the Ecumenical Temple
  4305 | Temple   | Became a worshipper of Warmaster Okawaru
  4412 | D:6      | Reached skill level 6 in Long Blades
  4425 | D:6      | Reached skill level 5 in Armour
  4962 | D:6      | Noticed a two-headed ogre
  4975 | D:6      | Killed a two-headed ogre
  4975 | D:6      | Reached * piety under Okawaru
  4975 | D:6      | Reached ** piety under Okawaru
  4975 | D:6      | Reached skill level 1 in Stealth
  4993 | D:6      | Reached skill level 7 in Long Blades
  4993 | D:6      | Reached XP level 9. HP: 51/66 MP: 9/9
  5014 | D:6      | Noticed Dowan
  5016 | D:6      | Noticed Duvessa
  5023 | D:6      | Found Seym's Jewellery Emporium.
  5405 | D:7      | Found Beebb's Gadget Shoppe.
  5437 | D:7      | Got a twisted falchion
  5438 | D:7      | Identified the +6 falchion of Gravity {elec, rF+} (You
                  | found it on level 7 of the Dungeon)
  5521 | D:7      | Found a shimmering altar of Xom.
  5600 | D:7      | Found a glowing golden altar of the Shining One.
  5628 | D:7      | Reached skill level 5 in Fighting
  5772 | D:8      | Noticed Erica
  5804 | D:8      | Killed Erica
  5804 | D:8      | Reached *** piety under Okawaru
  5804 | D:8      | Reached skill level 8 in Long Blades
  6144 | D:8      | Noticed a two-headed ogre
  6151 | D:8      | Killed a two-headed ogre
  6382 | D:8      | Reached XP level 10. HP: 76/76 MP: 10/10
  6436 | D:8      | Reached **** piety under Okawaru
  7169 | D:9      | Reached skill level 9 in Long Blades
  7183 | D:9      | Received a gift from Okawaru
  7185 | D:9      | Noticed Joseph
  7203 | D:9      | Killed Joseph
  7536 | D:9      | Found a staircase to the Lair.
  7574 | D:9      | Found a staircase to the Orcish Mines.
  7593 | D:9      | Killed an unseen horror
  7593 | D:9      | Reached skill level 1 in Invocations
  7708 | D:9      | Reached ***** piety under Okawaru
  7763 | D:9      | Received a gift from Okawaru
  7768 | D:9      | Got a dazzling ring mail {god gift}
  7779 | D:9      | Identified the +3 ring mail "Soidweusu" {rF+ rC+ Str+7
                  | Stlth+} (Okawaru gifted it to you on level 9 of the
                  | Dungeon)
  8290 | D:6      | Killed Dowan
  8300 | D:6      | Killed Duvessa
  8461 | Lair:1   | Entered Level 1 of the Lair of Beasts
  8560 | Lair:1   | Reached XP level 11. HP: 69/81 MP: 11/11
  8848 | Lair:1   | Reached skill level 10 in Long Blades
  9745 | Lair:2   | Received a gift from Okawaru
  9753 | Lair:2   | Got a brightly glowing double sword {god gift}
  9754 | Lair:2   | Identified the +1 double sword of Terra Cotta {drain, rElec
                  | rF++ Int+2 Dex+3} (Okawaru gifted it to you on level 2 of
                  | the Lair of Beasts)
 11037 | Lair:3   | Found a staircase to the Snake Pit.
 11141 | Lair:3   | Found a staircase to the Shoals.
 11225 | Lair:3   | Reached XP level 12. HP: 47/91 MP: 12/12
 11682 | Lair:3   | Received a gift from Okawaru
 12043 | Lair:1   | Identified the +8 hunting sling "Murmur" {flame, rPois MR++
                  | Str-5 SInv} (You found it on level 5 of the Dungeon)
 12142 | D:10     | Entered Level 10 of the Dungeon
 12184 | D:10     | Reached skill level 5 in Dodging
 12495 | D:10     | Reached skill level 11 in Long Blades
 13184 | D:11     | Found Pelaid's Book Shop.
 13185 | D:11     | Noticed Maurice
 13188 | D:11     | Noticed Snorg
 13199 | D:11     | Killed Maurice
 13202 | D:11     | Noticed Sonja
 13212 | D:11     | Mangled by Snorg

Levels and vault maps discovered:
D:1:      saegor_arrival_simple_e, layout_loops_corners, serial_glass,
          glass_columns_b, glass_columns_b, glass_columns_b, glass_columns_c,
          glass_columns_a, glass_columns_a, glass_columns_b, glass_columns_b,
          due_unseen_surprise, item_on_display_b, minmay_strange_pillars,
          feat_on_display
D:2:      layout_basic, overflow_temple_1_default, uniq_robin
D:3:      layout_loops_cross, first_ration, gammafunk_ghost_icy
D:4:      layout_basic, nicolae_ru_the_path_less_chosen,
          nicolae_overflow_crystal_walls, grunt_tough_drop
D:5:      layout_basic, kennysheep_generic_room_15
D:6:      layout_basic, minmay_temple_entry_ruins, serial_shops,
          kennysheep_mini_moat, uniq_duvessa
D:7:      layout_rooms, tso_oasis_becter, serial_shops, nicolae_shop_stone,
          basic_altar
D:8:      layout_layer_cave, uniq_erica
D:9:      layout_small_grid, dpeg_oklobed_lair, david_orc_3, grunt_livestock,
          uniq_joseph
D:10:     layout_basic
D:11:     layout_big_octagon, serial_column_ruins, column_ruins_temple_hut,
          column_ruins_hut, column_ruins_open_medium,
          column_ruins_corridor_dead_end, column_ruins_open_small, serial_shops,
          shop_statue, uniq_snorg, uniq_maurice, uniq_sonja
Temple:   regret_index_temple_mists
Lair:1:   layout_layer_cave, special_room [special_room_bee],
          infiniplex_staircase_pool_2, lemuel_fruit_tree
Lair:2:   layout_roguey, lemuel_fruit_fields
Lair:3:   layout_regular_city, elwin_shoals_entry_stream, dummy_snake_entry

Skill      XL: |  1  2  3  4  5  6  7  8  9 10 11 12 |
---------------+-------------------------------------+-----
Long Blades    | 2 3 4 5 7 8 9 10 11 | 11.1
Shields        | 3 4 5 6 7 9 |  9.9
Armour         | 3 4 5 6 8 |  8.9
Dodging        | 1 2 4 5 |  5.1
Fighting       | 4 5 6 7 |  7.7
Stealth        | 1 2 4 |  4.1
Invocations    | 1 |  1.0

Action                   |  1- 3 |  4- 6 |  7- 9 | 10-12 || total
-------------------------+-------+-------+-------+-------++-------
Melee: Long sword        |   135 |   159 |   214 |       ||   508
       Kick              |       |    26 |    91 |   152 ||   269
       Falchion          |       |       |    50 |   385 ||   435
Invok: Heroism           |       |       |     2 |     2 ||     4
Evoke: Wand              |       |       |       |     5 ||     5
  Use: Scroll            |       |     3 |     1 |     9 ||    13
       Potion            |       |     2 |     1 |     1 ||     4
 Stab: Invisible         |       |     2 |       |       ||     2
       Sleeping          |       |       |       |    10 ||    10
       Distracted        |       |       |       |     1 ||     1
  Eat: Chunk             |     1 |     7 |    10 |    13 ||    31
       Ration            |       |       |       |     3 ||     3
Armor: Scale mail        |    84 |    36 |       |       ||   120
       Fire dragon scale |       |     9 |    43 |       ||    52
       Plate armour      |       |       |    29 |    57 ||    86
       Ring mail         |       |       |       |    42 ||    42
Dodge: Dodged            |    76 |    63 |    85 |   185 ||   409
Block: Shield            |   107 |    87 |   131 |   254 ||   579
       Rpst.: Long sword |    28 |    20 |    20 |       ||    68
       Falchion          |       |       |     3 |    53 ||    56
